 Dungeon Crawl Stone Soup version 0.23.2-33-g5129a83184 (webtiles) character file.

Game seed: 8731439156784144678

74 Felnil the Skirmisher (level 4, -1/41 HPs)
             Began as a Hill Orc Fighter on Aug 7, 2019.
             Was an Initiate of Dithmenos.
             Slain by an orc (2 damage)
             ... on level 3 of the Dungeon.
             The game lasted 00:05:07 (1465 turns).

Felnil the Skirmisher (Hill Orc Fighter)            Turns: 1465, Time: 00:05:11

Health: -1/41      AC: 13    Str: 19    XL:     4   Next: 30%
Magic:  4/4        EV:  1    Int: 13    God:    Dithmenos [......]
Gold:   100        SH: 13    Dex: 10    Spells: 3/3 levels left

rFire    + . .     SeeInvis .   a - +0 war axe
rCold    + . .     Gourm    .   o - +0 large shield
rNeg     . . .     Faith    .   g - +0 plate armour
rPois    +         Spirit   .   c - +1 helmet
rElec    +         Reflect  .   (no cloak)
rCorr    +         Harm     .   (no gloves)
MR       .....                  (no boots)
Stlth    ..........             (no amulet)
HPRegen  0.13/turn              (no ring)
MPRegen  0.09/turn              (no ring)

@: brilliant, resistant
A: no striking features
a: Renounce Religion


You were on level 3 of the Dungeon.
You worshipped Dithmenos.
Dithmenos was noncommittal.
You were not hungry.

You visited 1 branch of the dungeon, and saw 3 of its levels.

You collected 100 gold pieces.

Inventory:

Hand Weapons
 a - a +0 war axe (weapon)
Armour
 c - a +1 helmet (worn)
 g - a +0 plate armour (worn)
 o - a +0 large shield (worn)
Scrolls
 e - 2 scrolls of identify {unknown}
 h - a scroll of immolation {unknown}
 i - 3 scrolls of teleportation {unknown}
 k - 2 scrolls of enchant weapon {unknown}
 m - a scroll of fog {unknown}
 n - 2 scrolls of remove curse {unknown}
Potions
 b - 2 potions of brilliance
 d - a potion of might
Comestibles
 f - 5 rations


   Skills:
 + Level 4.3 Fighting
 + Level 3.7 Axes
 + Level 4.0 Armour
 + Level 3.9 Shields


You had 3 spell levels left.
You didn't know any spells.
Your spell library was empty.

Dungeon Overview and Level Annotations

Branches:
Dungeon (3/15)

Altars:
Dithmenos


Message History

The orc priest shouts, "Beogh is our master!
Accept the truth or die!"
You block something's attack. You block the orc priest's attack.
Something hits you but does no damage. You block the orc priest's attack.
You miss something. You hit the orc priest.
Something hits you but does no damage.
The orc priest threatens, "By the altar or by the axe, you will meet Beogh!"
The orc priest hits you but does no damage.
Your plate armour prevents you from hitting something.
You slash the orc priest!
You kill the orc priest!
Dithmenos accepts your kill.
Your Armour skill increases to level 4!
You have reached level 4!
Something hits you but does no damage.
You hear some strange, mumbled words.
A puff of flame appears from out of thin air!
The puff of flame hits you. You resist.
* * * LOW HITPOINT WARNING * * *
The orc hits you.
You die...

....... .....# #
....#### ## # ...
...... .. .# ....#
#...###. ..#
......##...#.. ...#
.........l.#.# ....#
...##.##o#.#o#.....#
#.....@{#.ool..#
####.##.###.####
#.##.###%###
###.##..$.....
#..........###
#.#####.####
#####.#### .#
#........# .#
....###.##.# .#


You could see an orc and a leopard gecko.

Vanquished Creatures
  An orc priest (D:3)
  2 adders (D:2)
  A dart slug (D:2)
  2 leopard geckos
  An orc (D:3)
  3 giant cockroaches
  2 goblins (D:2)
  5 kobolds
  2 frilled lizards (D:2)
  3 rats (D:2)
22 creatures vanquished.

Notes
Turn   | Place    | Note
-------+----------+-------------------------------------------
     0 | D:1      | Felnil the Hill Orc Fighter began the quest for the Orb.
     0 | D:1      | Reached XP level 1. HP: 19/19 MP: 1/1
   512 | D:2      | Reached XP level 2. HP: 27/27 MP: 2/2
   890 | D:2      | Reached XP level 3. HP: 29/33 MP: 3/3
   929 | D:2      | Found a shadowy altar of Dithmenos.
   954 | D:2      | Became a worshipper of Dithmenos the Shadowed
  1465 | D:3      | Reached XP level 4. HP: 4/41 MP: 4/4
  1465 | D:3      | HP: 1/41 [something/puff of flame (3)]
  1465 | D:3      | Slain by an orc

Skill      XL: |  1  2  3 |
---------------+----------+-----
Axes           | 3 |  3.7
Fighting       | 4 |  4.3
Armour         | 4 |  4.0
Shields        | |  3.9

Action                   |  1- 3 |  4- 6 || total
-------------------------+-------+-------++-------
Melee: War axe           |   113 |       ||   113
  Use: Potion            |     3 |       ||     3
  Eat: Chunk             |     2 |       ||     2
Armor: Plate armour      |    98 |       ||    98
Dodge: Dodged            |    11 |       ||    11
Block: Shield            |    56 |       ||    56
       Large shield      |    11 |       ||    11
